| TOP OF THE 1ST |
|
Jamestown Falcons batting - Pitching for Batavia Clippers : RHP Greg Hughes
|
|
Pitching: RHP Greg Hughes
|
|
|
Batting: RHB Nelson Rood
|
0-0: Swinging Strike 0-1: Ground out 6-3 (Groundball, 6, EV 103.8 MPH)
|
|
Batting: RHB Dave Myers
|
0-0: Foul Ball, location: 2F 0-1: DOUBLE (Flyball, 78D, EV 110.0 MPH)
|
|
Batting: LHB Warren Bachmann
|
0-0: Ball 1-0: Swinging Strike 1-1: Ball 2-1: Ball Passed Ball! Dave Myers to third 3-1: Foul Ball, location: 2F 3-2: Base on Balls
|
|
Batting: LHB Jack Howell
|
0-0: Called Strike 0-1: Ball 1-1: Called Strike 1-2: Ball 2-2: Foul Ball, location: 2F 2-2: Foul Ball, location: 2F 2-2: Ball 3-2: Foul Ball, location: 2F 3-2: Base on Balls Warren Bachmann to second
|
|
Batting: RHB Gregory Devone
|
0-0: Called Strike 0-1: Ball 1-1: Swinging Strike 1-2: Foul Ball, location: 2F 1-2: Strikes out swinging
|
|
Batting: RHB William Freidhof
|
0-0: Foul Ball, location: 2F 0-1: Called Strike 0-2: Strikes out looking
|
| Top of the 1st over - 0 runs, 1 hit, 0 errors, 3 left on base; Jamestown 0 - Batavia 0 |
| BOTTOM OF THE 1ST |
|
Batavia Clippers batting - Pitching for Jamestown Falcons : LHP Ray Hayward
|
|
Pitching: LHP Ray Hayward
|
|
|
Batting: RHB Greg Tabor
|
0-0: Ball 1-0: Swinging Strike 1-1: Ball 2-1: Ball 3-1: Called Strike 3-2: Strikes out swinging
|
|
Batting: LHB Mark Bingham
|
0-0: Ball 1-0: Foul Ball, location: 2F 1-1: Foul Ball, location: 2F 1-2: Ball 2-2: Foul Ball, location: 2F 2-2: Strikes out swinging
|
|
Batting: RHB Mickey Brantley
|
0-0: Called Strike 0-1: Ball 1-1: Foul Ball, location: 2F 1-2: Ball 2-2: Ball 3-2: SINGLE (Flyball, 6D, EV 85.6 MPH)
|
|
Batting: RHB Dave Sax
|
0-0: Ball 1-0: Called Strike 1-1: Ball 2-1: Ball 3-1: Foul Ball, location: 2F 3-2: 2-RUN HOME RUN (Line Drive, 78XD, EV 103.1 MPH), Distance : 432 ft
|
|
Batting: RHB Glenn Carpenter
|
0-0: Called Strike 0-1: Reached on error, E6 (Groundball, 6, EV 99.4 MPH)
|
|
Batting: LHB Mike Botkin
|
0-0: Ball 1-0: Ball Wild Pitch! Glenn Carpenter to second 2-0: Called Strike 2-1: Foul Ball, location: 2F 2-2: Ball 3-2: Foul Ball, location: 2F 3-2: Ground out U3 (Groundball, 34, EV 86.3 MPH)
|
| Bottom of the 1st over - 2 runs, 2 hits, 1 error, 1 left on base; Jamestown 0 - Batavia 2 |
| TOP OF THE 2ND |
|
Jamestown Falcons batting - Pitching for Batavia Clippers : RHP Greg Hughes
|
|
Batting: LHB Jack Shuffield
|
0-0: Ball 1-0: Foul Ball, location: 2F 1-1: Called Strike 1-2: Fly out, F7 (Flyball, 7LM, EV 83.1 MPH)
|
|
Batting: RHB Herman Cunningham
|
0-0: DOUBLE (Flyball, 8RD, EV 108.8 MPH)
|
|
Batting: RHB Joe Oliver
|
0-0: Ball 1-0: Fly out, F7 (Line Drive, 7D, EV 88.8 MPH)
|
|
Batting: RHB Nelson Rood
|
0-0: Swinging Strike 0-1: Foul Ball, location: 2F 0-2: Ball 1-2: Ground out 5-3 (Groundball, 25, EV 93.1 MPH)
|
| Top of the 2nd over - 0 runs, 1 hit, 0 errors, 1 left on base; Jamestown 0 - Batavia 2 |
| BOTTOM OF THE 2ND |
|
Batavia Clippers batting - Pitching for Jamestown Falcons : LHP Ray Hayward
|
|
Batting: RHB Larry Kiesling
|
0-0: Ball 1-0: Foul Ball, location: 2F 1-1: Ball 2-1: Ball 3-1: Base on Balls
|
|
Batting: RHB Jorge Gonzalez
|
0-0: Fly out, F5 (Popup, 5SF, EV 74.4 MPH)
|
|
Batting: RHB Mark Kuecker
|
0-0: Called Strike Larry Kiesling steals 2nd base 0-1: Ball 1-1: Ball 2-1: Foul Ball, location: 2F 2-2: SINGLE (Line Drive, 6MD, EV 99.4 MPH) Larry Kiesling to third Runner from 3rd tries for Home, throw by CF and OUT! 8-2
|
|
Batting: RHB Greg Tabor
|
0-0: SINGLE (Groundball, 6S, EV 65.0 MPH) (infield hit) Mark Kuecker to second
|
|
Batting: LHB Mark Bingham
|
0-0: Ball 1-0: Called Strike 1-1: Ball 2-1: Ball 3-1: Foul Ball, location: 2F 3-2: Strikes out swinging
|
| Bottom of the 2nd over - 0 runs, 2 hits, 0 errors, 2 left on base; Jamestown 0 - Batavia 2 |
| TOP OF THE 3RD |
|
Jamestown Falcons batting - Pitching for Batavia Clippers : RHP Greg Hughes
|
|
Batting: RHB Dave Myers
|
0-0: Called Strike 0-1: Ball 1-1: Ball 2-1: Swinging Strike 2-2: Foul Ball, location: 2F 2-2: Ball 3-2: Base on Balls
|
|
Batting: LHB Warren Bachmann
|
0-0: Fly out, F2 (Popup, 25F, EV 77.5 MPH)
|
|
Batting: LHB Jack Howell
|
0-0: Ball 1-0: Ball 2-0: Called Strike 2-1: Fielders Choice at 2nd, 4-6 (Groundball, 4M, EV 86.3 MPH)
|
|
Batting: RHB Gregory Devone
|
0-0: Ball 1-0: Foul Ball, location: 2F 1-1: Called Strike 1-2: Foul Ball, location: 2F 1-2: Ball Jack Howell steals 2nd base 2-2: Ball 3-2: Base on Balls
|
|
Batting: RHB William Freidhof
|
0-0: Ball 1-0: SINGLE (Groundball, 56D, EV 94.4 MPH) Jack Howell to third Gregory Devone to second Runner from 3rd tries for Home, SAFE, throw by LF to home
|
|
Batting: LHB Jack Shuffield
|
0-0: Called Strike 0-1: Ball 1-1: Ball 2-1: Foul Ball, location: 2F 2-2: SINGLE (Groundball, 5D, EV 97.5 MPH) Gregory Devone to third William Freidhof to second Runner from 3rd tries for Home, SAFE, throw by LF to home
|
|
Batting: RHB Herman Cunningham
|
0-0: Ball 1-0: Fly out, F9 (Flyball, 9LM, EV 101.3 MPH)
|
| Top of the 3rd over - 2 runs, 2 hits, 0 errors, 2 left on base; Jamestown 2 - Batavia 2 |
| BOTTOM OF THE 3RD |
|
Batavia Clippers batting - Pitching for Jamestown Falcons : LHP Ray Hayward
|
|
Batting: RHB Mickey Brantley
|
0-0: Ball 1-0: Ball 2-0: Ball 3-0: Base on Balls
|
|
Batting: RHB Dave Sax
|
0-0: Called Strike 0-1: Swinging Strike 0-2: Strikes out swinging
|
|
Batting: RHB Glenn Carpenter
|
0-0: Ball 1-0: Ball 2-0: Ball 3-0: Base on Balls Mickey Brantley to second
|
|
Batting: LHB Mike Botkin
|
0-0: Foul Ball, location: 2F 0-1: Ball 1-1: Swinging Strike 1-2: Ball 2-2: Ball 3-2: Base on Balls Mickey Brantley to third Glenn Carpenter to second
|
|
Batting: RHB Larry Kiesling
|
0-0: Ball 1-0: Foul Ball, location: 2F 1-1: Foul Ball, location: 2F 1-2: Ball 2-2: Strikes out swinging
|
|
Batting: RHB Jorge Gonzalez
|
0-0: Fielders Choice at 2nd, 6-4 (Groundball, 6, EV 81.3 MPH)
|
| Bottom of the 3rd over - 0 runs, 0 hits, 0 errors, 3 left on base; Jamestown 2 - Batavia 2 |
| TOP OF THE 4TH |
|
Jamestown Falcons batting - Pitching for Batavia Clippers : RHP Greg Hughes
|
|
Batting: RHB Joe Oliver
|
0-0: Ball 1-0: Ground out 6-3 (Groundball, 6, EV 87.5 MPH)
|
|
Batting: RHB Nelson Rood
|
0-0: Called Strike 0-1: Ball 1-1: Ball 2-1: Foul Ball, location: 2F 2-2: Ball 3-2: Ground out 5-3 (Groundball, 56S, EV 67.5 MPH)
|
|
Batting: RHB Dave Myers
|
0-0: Foul Ball, location: 2F 0-1: Foul Ball, location: 2F 0-2: SINGLE (Groundball, 56D, EV 105.0 MPH)
|
|
Batting: LHB Warren Bachmann
|
0-0: Called Strike 0-1: Foul Ball, location: 2F 0-2: Fielders Choice at 2nd, 5-4 (Groundball, 56, EV 91.9 MPH)
|
| Top of the 4th over - 0 runs, 1 hit, 0 errors, 1 left on base; Jamestown 2 - Batavia 2 |
| BOTTOM OF THE 4TH |
|
Batavia Clippers batting - Pitching for Jamestown Falcons : LHP Ray Hayward
|
|
Batting: RHB Mark Kuecker
|
0-0: Ground out 4-3 (Groundball, 4, EV 83.8 MPH)
|
|
Batting: RHB Greg Tabor
|
0-0: Ball 1-0: Fly out, F8 (Flyball, 8RD, EV 92.5 MPH)
|
|
Batting: LHB Mark Bingham
|
0-0: Fly out, F5 (Popup, 5S, EV 72.5 MPH)
|
| Bottom of the 4th over - 0 runs, 0 hits, 0 errors, 0 left on base; Jamestown 2 - Batavia 2 |
| TOP OF THE 5TH |
|
Jamestown Falcons batting - Pitching for Batavia Clippers : RHP Greg Hughes
|
|
Batting: LHB Jack Howell
|
0-0: Ball 1-0: Foul Ball, location: 2F 1-1: Fly out, F7 (Line Drive, 7D, EV 99.4 MPH)
|
|
Batting: RHB Gregory Devone
|
0-0: Called Strike 0-1: Ball 1-1: Swinging Strike 1-2: Ball 2-2: Fly out, F1 (Line Drive, P, EV 72.5 MPH)
|
|
Batting: RHB William Freidhof
|
0-0: Called Strike 0-1: Foul Ball, location: 2F 0-2: Ball 1-2: Single, Error in OF, E8, batter to second base (Groundball, 6MD, EV 106.9 MPH)
|
|
Batting: LHB Jack Shuffield
|
0-0: Ball 1-0: Ball 2-0: Ball 3-0: Called Strike 3-1: Ground out 4-3 (Groundball, 4, EV 85.0 MPH)
|
| Top of the 5th over - 0 runs, 1 hit, 1 error, 1 left on base; Jamestown 2 - Batavia 2 |
| BOTTOM OF THE 5TH |
|
Batavia Clippers batting - Pitching for Jamestown Falcons : LHP Ray Hayward
|
|
Batting: RHB Mickey Brantley
|
0-0: Called Strike 0-1: Ball 1-1: Called Strike 1-2: Fly out, F7 (Flyball, 78D, EV 82.5 MPH)
|
|
Pitching: RHP Jose Ortiz
|
|
|
Batting: RHB Dave Sax
|
0-0: Called Strike 0-1: Ball 1-1: Ball 2-1: Foul Ball, location: 2F 2-2: Ball 3-2: Foul Ball, location: 2F 3-2: Foul Ball, location: 2F 3-2: Ground out 6-3 (Groundball, 6, EV 87.5 MPH)
|
|
Batting: RHB Glenn Carpenter
|
0-0: Ball 1-0: Ball 2-0: Swinging Strike 2-1: Ball 3-1: Foul Ball, location: 2F 3-2: Foul Ball, location: 2F 3-2: Base on Balls
|
|
Batting: LHB Mike Botkin
|
0-0: Ground out 6-3 (Groundball, P, EV 86.3 MPH)
|
| Bottom of the 5th over - 0 runs, 0 hits, 0 errors, 1 left on base; Jamestown 2 - Batavia 2 |
| TOP OF THE 6TH |
|
Jamestown Falcons batting - Pitching for Batavia Clippers : RHP Greg Hughes
|
|
Batting: RHB Herman Cunningham
|
0-0: Foul Ball, location: 2F 0-1: Called Strike 0-2: Foul Ball, location: 2F 0-2: Fly out, F9 (Flyball, 9D, EV 103.1 MPH)
|
|
Batting: RHB Joe Oliver
|
0-0: Ball 1-0: Ball 2-0: Swinging Strike 2-1: Swinging Strike 2-2: Strikes out looking
|
|
Batting: RHB Nelson Rood
|
0-0: Ground out 4-3 (Groundball, 4M, EV 81.9 MPH)
|
| Top of the 6th over - 0 runs, 0 hits, 0 errors, 0 left on base; Jamestown 2 - Batavia 2 |
| BOTTOM OF THE 6TH |
|
Batavia Clippers batting - Pitching for Jamestown Falcons : RHP Jose Ortiz
|
|
Batting: RHB Larry Kiesling
|
0-0: Foul Ball, location: 2F 0-1: Foul Ball, location: 2F 0-2: Ball 1-2: SINGLE (Line Drive, 7S, EV 93.1 MPH)
|
|
Batting: RHB Jorge Gonzalez
|
0-0: Reached on error, E1 (Groundball, 15, EV 43.8 MPH) Larry Kiesling to second
|
|
Batting: RHB Mark Kuecker
|
0-0: Ball 1-0: SINGLE (Line Drive, 6MD, EV 95.0 MPH) Larry Kiesling to third Jorge Gonzalez to second Runner from 3rd tries for Home, SAFE, throw by CF to home
|
|
Batting: RHB Greg Tabor
|
0-0: Bunt missed! 0-1: Bunted foul 0-2: Ball 1-2: 3-RUN HOME RUN (Flyball, 7LD, EV 86.9 MPH), Distance : 353 ft
|
|
Pitching: LHP Phil George
|
|
|
Batting: LHB Mark Bingham
|
0-0: Ground out 4-3 (Groundball, 34, EV 84.4 MPH)
|
|
Batting: RHB Mickey Brantley
|
0-0: Fly out, F9 (Line Drive, 9, EV 95.6 MPH)
|
|
Batting: RHB Dave Sax
|
0-0: Called Strike 0-1: Swinging Strike 0-2: Ball 1-2: Ball 2-2: SINGLE (Line Drive, 9S, EV 98.1 MPH)
|
|
Batting: RHB Glenn Carpenter
|
0-0: Called Strike 0-1: Ball 1-1: Ball 2-1: DOUBLE (Line Drive, 3D, EV 98.8 MPH) Dave Sax to third Runner from 3rd tries for Home, SAFE, no throw by RF
|
|
Batting: LHB Mike Botkin
|
0-0: Ball 1-0: Ball 2-0: Fly out, F9 (Flyball, 9, EV 86.3 MPH)
|
| Bottom of the 6th over - 5 runs, 5 hits, 1 error, 1 left on base; Jamestown 2 - Batavia 7 |
| TOP OF THE 7TH |
|
Jamestown Falcons batting - Pitching for Batavia Clippers : RHP Greg Hughes
|
|
Batting: RHB Dave Myers
|
0-0: Ball 1-0: Ground out 6-3 (Groundball, 6, EV 88.8 MPH)
|
|
Batting: LHB Warren Bachmann
|
0-0: Ball 1-0: Foul Ball, location: 2F 1-1: Ball 2-1: Ball 3-1: Swinging Strike 3-2: DOUBLE (Groundball, 3L, EV 109.4 MPH)
|
|
Batting: LHB Jack Howell
|
0-0: Ball 1-0: Swinging Strike 1-1: Ball 2-1: Foul Ball, location: 2F 2-2: SINGLE (Line Drive, 78S, EV 96.3 MPH) Warren Bachmann to third
|
|
Batting: RHB Gregory Devone
|
0-0: Ball 1-0: Ball 2-0: Fielders Choice at 2nd, 6-4 (Groundball, 6, EV 91.3 MPH) Warren Bachmann scores
|
|
Batting: RHB William Freidhof
|
0-0: Called Strike 0-1: Called Strike 0-2: Strikes out swinging
|
| Top of the 7th over - 1 run, 2 hits, 0 errors, 1 left on base; Jamestown 3 - Batavia 7 |
| BOTTOM OF THE 7TH |
|
Batavia Clippers batting - Pitching for Jamestown Falcons : LHP Phil George
|
|
Batting: RHB Larry Kiesling
|
0-0: Called Strike 0-1: Ball 1-1: Ball 2-1: Foul Ball, location: 2F 2-2: Ground out 3-1 (Groundball, 34, EV 85.6 MPH)
|
|
Batting: RHB Jorge Gonzalez
|
0-0: Ball 1-0: Called Strike 1-1: Ball 2-1: Ball 3-1: Ground out 6-3 (Groundball, 6, EV 90.6 MPH)
|
|
Batting: RHB Mark Kuecker
|
0-0: Ball 1-0: Foul Ball, location: 2F 1-1: Ball 2-1: Ball 3-1: Fly out, F9 (Flyball, 9S, EV 77.5 MPH)
|
| Bottom of the 7th over - 0 runs, 0 hits, 0 errors, 0 left on base; Jamestown 3 - Batavia 7 |
| TOP OF THE 8TH |
|
Jamestown Falcons batting - Pitching for Batavia Clippers : RHP Greg Hughes
|
|
Batting: LHB Jack Shuffield
|
0-0: Ball 1-0: Swinging Strike 1-1: Ball 2-1: Foul Ball, location: 2F 2-2: Ball 3-2: Base on Balls
|
|
Batting: RHB Herman Cunningham
|
0-0: Ball 1-0: 2-RUN HOME RUN (Flyball, 9D, EV 102.5 MPH), Distance : 371 ft
|
|
Pitching: RHP Robert Alevizos
|
|
|
Batting: RHB Joe Oliver
|
0-0: Foul Ball, location: 2F 0-1: Ball 1-1: Ball 2-1: SINGLE (Groundball, 5S, EV 66.3 MPH) (infield hit)
|
|
Batting: RHB Nelson Rood
|
0-0: Ball 1-0: Ball 2-0: Foul Ball, location: 2F 2-1: Called Strike 2-2: Ball 3-2: Foul Ball, location: 2F 3-2: Base on Balls Joe Oliver to second
|
|
Batting: RHB Dave Myers
|
0-0: Foul Ball, location: 2F 0-1: Ball 1-1: Ball 2-1: Bunted foul 2-2: 3-RUN HOME RUN (Flyball, 7D, EV 91.9 MPH), Distance : 358 ft
|
|
Pitching: RHP Billy Perez
|
|
|
Batting: LHB Warren Bachmann
|
0-0: Ball 1-0: Ball 2-0: Foul Ball, location: 2F 2-1: Foul Ball, location: 2F 2-2: Strikes out swinging
|
|
Batting: LHB Jack Howell
|
0-0: Ball 1-0: Ball 2-0: Ball 3-0: Base on Balls
|
|
Batting: RHB Gregory Devone
|
0-0: Ball 1-0: Ball 2-0: Foul Ball, location: 2F 2-1: Called Strike 2-2: SINGLE (Line Drive, 89S, EV 108.8 MPH) Jack Howell to second
|
|
Batting: RHB William Freidhof
|
0-0: Swinging Strike 0-1: Ball 1-1: Foul Ball, location: 2F 1-2: Strikes out swinging
|
|
Batting: LHB Jack Shuffield
|
0-0: Ground out 4-3 (Groundball, 4, EV 100.6 MPH)
|
| Top of the 8th over - 5 runs, 4 hits, 0 errors, 2 left on base; Jamestown 8 - Batavia 7 |
| BOTTOM OF THE 8TH |
|
Batavia Clippers batting - Pitching for Jamestown Falcons : LHP Phil George
|
|
Batting: RHB Greg Tabor
|
0-0: Foul Ball, location: 2F 0-1: Ball 1-1: DOUBLE (Line Drive, 7LD, EV 108.8 MPH)
|
|
Pinch Hitting: RHB Russ Stephans
|
0-0: Ball 1-0: Called Strike 1-1: Called Strike 1-2: Strikes out swinging
|
|
Batting: RHB Mickey Brantley
|
0-0: Ball 1-0: Called Strike 1-1: Ball 2-1: Foul Ball, location: 2F 2-2: Foul Ball, location: 2F 2-2: Foul Ball, location: 2F 2-2: Fly out, F8 (Line Drive, 8RM, EV 89.4 MPH)
|
|
Batting: RHB Dave Sax
|
0-0: Ball 1-0: Called Strike 1-1: Called Strike 1-2: Foul Ball, location: 2F 1-2: Ball 2-2: Fly out, F4 (Popup, 34D, EV 51.3 MPH)
|
| Bottom of the 8th over - 0 runs, 1 hit, 0 errors, 1 left on base; Jamestown 8 - Batavia 7 |
| TOP OF THE 9TH |
|
Jamestown Falcons batting - Pitching for Batavia Clippers : RHP Billy Perez
|
|
Pitching: RHP Stephen Golden
|
|
|
Now in LF: Chris D Jones
|
|
|
Batting: RHB Herman Cunningham
|
0-0: Ball 1-0: Called Strike 1-1: Called Strike 1-2: Ball 2-2: Foul Ball, location: 2F 2-2: Ball 3-2: SINGLE (Groundball, 56D, EV 105.0 MPH)
|
|
Batting: RHB Joe Oliver
|
0-0: Ball 1-0: SINGLE (Groundball, 6MD, EV 101.9 MPH) Herman Cunningham to second
|
|
Batting: RHB Nelson Rood
|
0-0: Ball 1-0: Ball 2-0: Ball 3-0: Base on Balls Herman Cunningham to third Joe Oliver to second
|
|
Batting: RHB Dave Myers
|
0-0: Fly out, F7 (Flyball, 7LD, EV 90.0 MPH) Runner from 3rd tags up, SCORES, no throw by LF
|
|
Batting: LHB Warren Bachmann
|
0-0: Called Strike 0-1: Foul Ball, location: 2F 0-2: Ball 1-2: Ball 2-2: Ball 3-2: 3-RUN HOME RUN (Flyball, 89XD, EV 106.3 MPH), Distance : 394 ft
|
|
Pitching: RHP Martin Sosa
|
|
|
Batting: LHB Jack Howell
|
0-0: Ball 1-0: Foul Ball, location: 2F 1-1: Foul Ball, location: 2F 1-2: Fly out, F7 (Flyball, 7LM, EV 80.6 MPH)
|
|
Batting: RHB Gregory Devone
|
0-0: SOLO HOME RUN (Flyball, 78XD, EV 96.9 MPH), Distance : 422 ft
|
|
Batting: RHB William Freidhof
|
0-0: Ball 1-0: Ground out 1-3 (Groundball, 34S, EV 71.9 MPH)
|
| Top of the 9th over - 5 runs, 4 hits, 0 errors, 0 left on base; Jamestown 13 - Batavia 7 |
| BOTTOM OF THE 9TH |
|
Batavia Clippers batting - Pitching for Jamestown Falcons : LHP Phil George
|
|
Batting: RHB Glenn Carpenter
|
0-0: Called Strike 0-1: Ground out 6-3 (Groundball, 6M, EV 106.3 MPH)
|
|
Batting: LHB Mike Botkin
|
0-0: Ball 1-0: Foul Ball, location: 2F 1-1: Ball 2-1: Ball 3-1: Foul Ball, location: 2F 3-2: Foul Ball, location: 2F 3-2: Hit by Pitch
|
|
Batting: RHB Larry Kiesling
|
0-0: Swinging Strike 0-1: Ball 1-1: Foul Ball, location: 2F 1-2: Ball 2-2: SINGLE (Groundball, 6MD, EV 95.6 MPH) Mike Botkin to second
|
|
Batting: RHB Jorge Gonzalez
|
0-0: Called Strike 0-1: Swinging Strike 0-2: Ball 1-2: Foul Ball, location: 2F 1-2: Foul Ball, location: 2F 1-2: Strikes out swinging
|
|
Batting: RHB Mark Kuecker
|
0-0: Ball 1-0: Swinging Strike 1-1: Swinging Strike 1-2: Ball 2-2: Ball 3-2: 3-RUN HOME RUN (Flyball, 7LD, EV 93.8 MPH), Distance : 360 ft
|
|
Pitching: LHP Eric Bell
|
|
|
Batting: RHB Greg Tabor
|
0-0: Fly out, F6 (Flyball, 56D, EV 86.9 MPH)
|
| Bottom of the 9th over - 3 runs, 2 hits, 0 errors, 0 left on base; Jamestown 13 - Batavia 10 |
|